TOP OF THE 1ST |
Madison Brewers batting - Pitching for Victoria Capitals : LHP Mike Roberts
|
Pitching: LHP Mike Roberts
|
|
Batting: LHB Andy Buschlen
|
0-0: Foul Ball, location: 2F 0-1: Ball 1-1: Called Strike 1-2: Strikes out swinging
|
Batting: LHB Jose Simental
|
0-0: Called Strike 0-1: Called Strike 0-2: Ball 1-2: Ball 2-2: Ball 3-2: Foul Ball, location: 2F 3-2: Base on Balls
|
Batting: LHB Bill Kovac
|
0-0: Ball 1-0: Ball 2-0: Foul Ball, location: 2F 2-1: Ball 3-1: Swinging Strike 3-2: Strikes out swinging Jose Simental steals 2nd base Batter strikes out.
|
Batting: RHB Malcolm McCauley
|
0-0: Called Strike 0-1: Ball 1-1: Ball 2-1: Ball 3-1: SINGLE (Groundball, 4MS, EV 64.4 MPH) (infield hit) Jose Simental to third
|
Batting: LHB Tony Hasbun
|
0-0: Ball 1-0: Ball 2-0: Fly out, F9 (Flyball, 9, EV 86.9 MPH)
|
Top of the 1st over - 0 runs, 1 hit, 0 errors, 2 left on base; Madison 0 - Victoria 0 |
BOTTOM OF THE 1ST |
Victoria Capitals batting - Pitching for Madison Brewers : RHP Dillon Atkinson
|
Pitching: RHP Dillon Atkinson
|
|
Batting: LHB Addisu Nyamekye
|
0-0: Foul Ball, location: 2F 0-1: Called Strike 0-2: Fly out, F8 (Flyball, 8LD, EV 86.9 MPH)
|
Batting: RHB Jesus Santiago
|
0-0: Fly out, F7 (Flyball, 7, EV 82.5 MPH)
|
Batting: RHB Steve Carmichael
|
0-0: Ball 1-0: Called Strike 1-1: Foul Ball, location: 2F 1-2: Fly out, F7 (Flyball, 7D, EV 92.5 MPH)
|
Bottom of the 1st over - 0 runs, 0 hits, 0 errors, 0 left on base; Madison 0 - Victoria 0 |
TOP OF THE 2ND |
Madison Brewers batting - Pitching for Victoria Capitals : LHP Mike Roberts
|
Batting: RHB Steve Brock
|
0-0: Ground out 5-3 (Groundball, 5, EV 94.4 MPH)
|
Batting: RHB Fernando Mejia
|
0-0: Ball 1-0: Ball 2-0: Foul Ball, location: 2F 2-1: Foul Ball, location: 2F 2-2: Strikes out swinging
|
Batting: RHB Ben Follett
|
0-0: SINGLE (Groundball, 6MD, EV 99.4 MPH)
|
Batting: RHB Kelan Rae
|
0-0: Ball 1-0: Ball 2-0: Ball 3-0: Base on Balls Ben Follett to second
|
Batting: LHB Andy Buschlen
|
0-0: Called Strike 0-1: Ball 1-1: Ball 2-1: Swinging Strike 2-2: Strikes out swinging
|
Top of the 2nd over - 0 runs, 1 hit, 0 errors, 2 left on base; Madison 0 - Victoria 0 |
BOTTOM OF THE 2ND |
Victoria Capitals batting - Pitching for Madison Brewers : RHP Dillon Atkinson
|
Batting: RHB Ross Hallock
|
0-0: Foul Ball, location: 2F 0-1: Ball 1-1: Called Strike 1-2: Strikes out looking
|
Batting: RHB Rich Griffith
|
0-0: Called Strike 0-1: Foul Ball, location: 2F 0-2: Ball 1-2: Ball 2-2: Ball 3-2: Base on Balls
|
Batting: LHB Matt Hepburn
|
0-0: Ball 1-0: Swinging Strike 1-1: Ball 2-1: Ball 3-1: Foul Ball, location: 2F 3-2: Base on Balls Rich Griffith to second
|
Batting: RHB Josh Rentz
|
0-0: Ball 1-0: Called Strike 1-1: Fly out, F8 (Flyball, 8RD, EV 95.6 MPH)
|
Batting: LHB Rick Harrison
|
0-0: Foul Ball, location: 2F 0-1: Swinging Strike 0-2: Ball 1-2: Ball 2-2: Foul Ball, location: 2F 2-2: Foul Ball, location: 2F 2-2: Strikes out swinging
|
Bottom of the 2nd over - 0 runs, 0 hits, 0 errors, 2 left on base; Madison 0 - Victoria 0 |
TOP OF THE 3RD |
Madison Brewers batting - Pitching for Victoria Capitals : LHP Mike Roberts
|
Batting: LHB Jose Simental
|
0-0: Ball 1-0: Bunt for hit to P - play at first, batter safe!
|
Batting: LHB Bill Kovac
|
0-0: Foul Ball, location: 2F 0-1: Swinging Strike 0-2: Ball 1-2: Strikes out swinging
|
Batting: RHB Malcolm McCauley
|
0-0: Called Strike 0-1: Ball 1-1: Called Strike 1-2: Ball 2-2: Grounds into double play, 4-6-3 (Groundball, 4, EV 77.5 MPH)
|
Top of the 3rd over - 0 runs, 1 hit, 0 errors, 0 left on base; Madison 0 - Victoria 0 |
BOTTOM OF THE 3RD |
Victoria Capitals batting - Pitching for Madison Brewers : RHP Dillon Atkinson
|
Batting: RHB Tristan Martin
|
0-0: Ball 1-0: Ball 2-0: Called Strike 2-1: Called Strike 2-2: Ball 3-2: Foul Ball, location: 2F 3-2: Strikes out looking
|
Batting: LHB Addisu Nyamekye
|
0-0: Ball 1-0: Ball 2-0: Ball 3-0: Base on Balls
|
Batting: RHB Jesus Santiago
|
0-0: Swinging Strike 0-1: Ball 1-1: Ball 2-1: Foul Ball, location: 2F 2-2: Strikes out swinging
|
Batting: RHB Steve Carmichael
|
0-0: Called Strike 0-1: Called Strike 0-2: Ball 1-2: Ball 2-2: Ball 3-2: Ground out 4-3 (Groundball, 4, EV 83.1 MPH)
|
Bottom of the 3rd over - 0 runs, 0 hits, 0 errors, 1 left on base; Madison 0 - Victoria 0 |
TOP OF THE 4TH |
Madison Brewers batting - Pitching for Victoria Capitals : LHP Mike Roberts
|
Batting: LHB Tony Hasbun
|
0-0: Swinging Strike 0-1: Ball 1-1: Fly out, F8 (Line Drive, 78M, EV 100.0 MPH)
|
Batting: RHB Steve Brock
|
0-0: Ball 1-0: Ground out U3 (Groundball, 3, EV 107.5 MPH)
|
Batting: RHB Fernando Mejia
|
0-0: Called Strike 0-1: Ball 1-1: Ball 2-1: Ball 3-1: Base on Balls
|
Batting: RHB Ben Follett
|
0-0: Ball 1-0: Ball Fernando Mejia steals 2nd, throwing error, E2 Fernando Mejia to third 2-0: Foul Ball, location: 2F 2-1: Ball 3-1: DOUBLE (Line Drive, 89D, EV 108.8 MPH) Fernando Mejia scores
|
Batting: RHB Kelan Rae
|
0-0: Ball Wild Pitch! Ben Follett to third 1-0: Called Strike 1-1: Ball 2-1: Fly out, F4 (Line Drive, 4, EV 68.8 MPH)
|
Top of the 4th over - 1 run, 1 hit, 1 error, 1 left on base; Madison 1 - Victoria 0 |
BOTTOM OF THE 4TH |
Victoria Capitals batting - Pitching for Madison Brewers : RHP Dillon Atkinson
|
Batting: RHB Ross Hallock
|
0-0: Ball 1-0: Ball 2-0: Ground out 5-3 (Groundball, 56S, EV 81.9 MPH)
|
Batting: RHB Rich Griffith
|
0-0: Swinging Strike 0-1: Ball 1-1: Ball 2-1: Ball 3-1: Foul Ball, location: 2F 3-2: Base on Balls
|
Batting: LHB Matt Hepburn
|
0-0: Ball 1-0: Ball 2-0: Called Strike 2-1: Swinging Strike 2-2: Strikes out swinging
|
Batting: RHB Josh Rentz
|
0-0: Swinging Strike 0-1: Fly out, F9 (Flyball, 9S, EV 86.2 MPH)
|
Bottom of the 4th over - 0 runs, 0 hits, 0 errors, 1 left on base; Madison 1 - Victoria 0 |
TOP OF THE 5TH |
Madison Brewers batting - Pitching for Victoria Capitals : LHP Mike Roberts
|
Batting: LHB Andy Buschlen
|
0-0: Ball 1-0: Ball 2-0: Ball 3-0: Base on Balls
|
Pitching: RHP Jose Rios
|
|
Batting: LHB Jose Simental
|
0-0: Ball 1-0: Called Strike 1-1: Ball 2-1: Ball 3-1: Swinging Strike 3-2: Foul Ball, location: 2F 3-2: Foul Ball, location: 2F 3-2: Foul Ball, location: 2F 3-2: Strikes out swinging
|
Batting: LHB Bill Kovac
|
0-0: Called Strike 0-1: Fly out, F7 (Line Drive, 7, EV 93.1 MPH)
|
Batting: RHB Malcolm McCauley
|
0-0: Called Strike Andy Buschlen is caught stealing 2nd base 2-4
|
Top of the 5th over - 0 runs, 0 hits, 0 errors, 0 left on base; Madison 1 - Victoria 0 |
BOTTOM OF THE 5TH |
Victoria Capitals batting - Pitching for Madison Brewers : RHP Dillon Atkinson
|
Batting: LHB Rick Harrison
|
0-0: Called Strike 0-1: Called Strike 0-2: Strikes out swinging
|
Batting: RHB Tristan Martin
|
0-0: Called Strike 0-1: Swinging Strike 0-2: Ball 1-2: Foul Ball, location: 2F 1-2: Ball 2-2: Ball 3-2: Base on Balls
|
Pitching: RHP Silvian Mans
|
|
Batting: LHB Addisu Nyamekye
|
0-0: Foul Ball, location: 2F 0-1: Fly out, F9 (Flyball, 9D, EV 103.1 MPH)
|
Batting: RHB Jesus Santiago
|
0-0: Called Strike 0-1: Ball 1-1: Swinging Strike 1-2: Strikes out swinging
|
Bottom of the 5th over - 0 runs, 0 hits, 0 errors, 1 left on base; Madison 1 - Victoria 0 |
TOP OF THE 6TH |
Madison Brewers batting - Pitching for Victoria Capitals : RHP Jose Rios
|
Batting: RHB Malcolm McCauley
|
0-0: Called Strike 0-1: Swinging Strike 0-2: Strikes out swinging
|
Batting: LHB Tony Hasbun
|
0-0: Fly out, F8 (Line Drive, 8RM, EV 95.6 MPH)
|
Batting: RHB Steve Brock
|
0-0: Ball 1-0: Called Strike 1-1: Called Strike 1-2: Ball 2-2: Ball 3-2: Ground out 4-3 (Groundball, 4, EV 86.9 MPH)
|
Top of the 6th over - 0 runs, 0 hits, 0 errors, 0 left on base; Madison 1 - Victoria 0 |
BOTTOM OF THE 6TH |
Victoria Capitals batting - Pitching for Madison Brewers : RHP Silvian Mans
|
Batting: RHB Steve Carmichael
|
0-0: Foul Ball, location: 2F 0-1: Ball 1-1: Ball 2-1: Foul Ball, location: 2F 2-2: Ball 3-2: Hit by Pitch
|
Batting: RHB Ross Hallock
|
0-0: Called Strike 0-1: Ball 1-1: SINGLE (Groundball, 34D, EV 103.1 MPH) Steve Carmichael to second Runner from 2nd tries for 3rd, SAFE, throw by RF made to third
|
Batting: RHB Rich Griffith
|
0-0: Foul Ball, location: 2F 0-1: Ball 1-1: Ball 2-1: Called Strike 2-2: Foul Ball, location: 2F 2-2: Strikes out swinging
|
Pinch Hitting: SHB Rich Roberts
|
0-0: Called Strike 0-1: Ball 1-1: Fly out, F7 (Flyball, 7, EV 86.9 MPH) Throwing error, E7 Steve Carmichael scores Ross Hallock to second
|
Batting: RHB Josh Rentz
|
0-0: Called Strike 0-1: Called Strike 0-2: Ball 1-2: Strikes out looking
|
Bottom of the 6th over - 1 run, 1 hit, 1 error, 1 left on base; Madison 1 - Victoria 1 |
TOP OF THE 7TH |
Madison Brewers batting - Pitching for Victoria Capitals : RHP Jose Rios
|
Now in CF: Steve Carmichael
|
|
Now in RF: Jason Cary
|
|
Pinch Hitting: LHB Danny Roberts
|
0-0: Called Strike 0-1: Called Strike 0-2: Strikes out swinging
|
Pinch Hitting: LHB Jesus Huante
|
0-0: Ball 1-0: Ball 2-0: Ball 3-0: Base on Balls
|
Batting: LHB Fumito Sakurai
|
0-0: Swinging Strike 0-1: Ball 1-1: Foul Ball, location: 2F 1-2: Strikes out swinging
|
Batting: LHB Andy Buschlen
|
0-0: Swinging Strike 0-1: Reached on error, E5 (Groundball, 56S, EV 81.9 MPH) Jesus Huante to second
|
Batting: LHB Jose Simental
|
0-0: Ball 1-0: Called Strike 1-1: Ball 2-1: Foul Ball, location: 2F 2-2: Ball 3-2: Foul Ball, location: 2F 3-2: Strikes out swinging
|
Top of the 7th over - 0 runs, 0 hits, 1 error, 2 left on base; Madison 1 - Victoria 1 |
BOTTOM OF THE 7TH |
Victoria Capitals batting - Pitching for Madison Brewers : RHP Silvian Mans
|
Now at 1B: Jesus Huante
|
|
Now at 3B: Noah Peek
|
|
Batting: RHB Jeremy Marin
|
0-0: SINGLE (Groundball, 56, EV 96.2 MPH)
|
Pinch Hitting: LHB Taki Matsui
|
0-0: Called Strike 0-1: Foul Ball, location: 2F 0-2: Strikes out swinging
|
Pitching: LHP Ramiro Lunas
|
|
Batting: LHB Addisu Nyamekye
|
0-0: Ball 1-0: SINGLE (Line Drive, 78S, EV 89.4 MPH) Jeremy Marin to second
|
Pitching: RHP Adam Robinson
|
|
Batting: RHB Jesus Santiago
|
0-0: Ball 1-0: Swinging Strike 1-1: Ball 2-1: Foul Ball, location: 2F 2-2: Foul Ball, location: 2F 2-2: Strikes out looking
|
Batting: RHB Steve Carmichael
|
0-0: Called Strike 0-1: Ball 1-1: Foul Ball, location: 2F 1-2: 3-RUN HOME RUN (Flyball, 7D, EV 95.0 MPH), Distance : 350 ft
|
Batting: RHB Ross Hallock
|
0-0: Called Strike 0-1: Foul Ball, location: 2F 0-2: Ball 1-2: Ball 2-2: Foul Ball, location: 2F 2-2: Ball 3-2: SOLO HOME RUN (Flyball, 7D, EV 95.0 MPH), Distance : 355 ft
|
Batting: RHB Rich Griffith
|
0-0: Ball 1-0: Foul Ball, location: 2F 1-1: Ball 2-1: Called Strike 2-2: Strikes out swinging
|
Bottom of the 7th over - 4 runs, 4 hits, 0 errors, 0 left on base; Madison 1 - Victoria 5 |
TOP OF THE 8TH |
Madison Brewers batting - Pitching for Victoria Capitals : RHP Jose Rios
|
Now in LF: Kevin Harris
|
|
Batting: LHB Bill Kovac
|
0-0: Foul Ball, location: 2F 0-1: Ball 1-1: Swinging Strike 1-2: Foul Ball, location: 2F 1-2: Foul Ball, location: 2F 1-2: Foul Ball, location: 2F 1-2: Strikes out swinging
|
Pinch Hitting: RHB Tristan Smeets
|
0-0: SINGLE (Groundball, 4MD, EV 97.5 MPH)
|
Pitching: RHP Yen-nien Luo
|
|
Batting: LHB Tony Hasbun
|
0-0: Ball 1-0: Ball 2-0: Swinging Strike 2-1: Called Strike 2-2: Strikes out swinging
|
Batting: RHB Steve Brock
|
0-0: Called Strike 0-1: Foul Ball, location: 2F 0-2: Ball 1-2: Strikes out swinging
|
Top of the 8th over - 0 runs, 1 hit, 0 errors, 1 left on base; Madison 1 - Victoria 5 |
BOTTOM OF THE 8TH |
Victoria Capitals batting - Pitching for Madison Brewers : RHP Adam Robinson
|
Now in CF: Sammar Wambugu
|
|
Batting: LHB Jason Cary
|
0-0: Ball 1-0: Called Strike 1-1: SINGLE (Groundball, 5, EV 99.4 MPH) (infield hit)
|
Batting: RHB Josh Rentz
|
0-0: Ball 1-0: Ball Jason Cary steals 2nd base 2-0: Called Strike 2-1: Foul Ball, location: 2F 2-2: Strikes out looking
|
Batting: RHB Jeremy Marin
|
0-0: Intentional Walk
|
Batting: RHB Kevin Harris
|
0-0: Ball 1-0: Grounds into double play, 5-4-3 (Groundball, 56, EV 80.6 MPH)
|
Bottom of the 8th over - 0 runs, 1 hit, 0 errors, 1 left on base; Madison 1 - Victoria 5 |
TOP OF THE 9TH |
Madison Brewers batting - Pitching for Victoria Capitals : RHP Yen-nien Luo
|
Pinch Hitting: LHB Moriaki Saito
|
0-0: Called Strike 0-1: Foul Ball, location: 2F 0-2: Ball 1-2: Ball 2-2: DOUBLE (Line Drive, 89XD, EV 100.0 MPH)
|
Batting: LHB Jesus Huante
|
0-0: Called Strike 0-1: Ball 1-1: Ball 2-1: Ball 3-1: Base on Balls
|
Batting: LHB Fumito Sakurai
|
0-0: Ball 1-0: Ball 2-0: 3-RUN HOME RUN (Flyball, 8RXD, EV 114.4 MPH), Distance : 448 ft
|
Pitching: RHP Kyle Wood
|
|
Batting: LHB Andy Buschlen
|
0-0: Ball 1-0: Ball 2-0: Foul Ball, location: 2F 2-1: Foul Ball, location: 2F 2-2: Strikes out swinging
|
Batting: LHB Jose Simental
|
0-0: Called Strike 0-1: Foul Ball, location: 2F 0-2: Strikes out swinging, 2-3 out at first.
|
Batting: LHB Bill Kovac
|
0-0: Foul Ball, location: 2F 0-1: SINGLE (Flyball, 8RXD, EV 89.4 MPH)
|
Pinch Hitting: RHB Mario Lopez
|
0-0: Called Strike 0-1: Swinging Strike 0-2: Foul Ball, location: 2F 0-2: Ball 1-2: Ball 2-2: Foul Ball, location: 2F 2-2: Ground out 5-3 (Groundball, 56, EV 103.1 MPH)
|
Top of the 9th over - 3 runs, 3 hits, 0 errors, 1 left on base; Madison 4 - Victoria 5 |
|